 Dungeon Crawl Stone Soup version 0.25-a0-942-g87a53962fc (webtiles) character file.

Game seed: 13920906996998322611, levelgen mode: deterministic

83 Flugslaktarn the Covered (level 4, -2/40 HPs)
             Began as a Minotaur Fighter on May 8, 2020.
             Slain by Grinder (5 damage)
             ... on level 3 of the Dungeon.
             The game lasted 00:00:19 (395 turns).

Flugslaktarn the Covered (Minotaur Fighter)          Turns: 395, Time: 00:00:19

Health: -2/40      AC:  7    Str: 21    XL:     4   Next: 22%
Magic:  3/3        EV:  7    Int:  5    God:
Gold:   3          SH:  9    Dex: 10    Spells: 3/3 levels left

rFire    . . .     SeeInvis .   a - +0 war axe
rCold    . . .     Gourm    .   c - +0 kite shield
rNeg     . . .     Faith    .   b - +0 scale mail
rPois    .         Spirit   .   (helmet restricted)
rElec    .         Reflect  .   (no cloak)
rCorr    .         Harm     .   (no gloves)
MR       .....                  (no boots)
Stlth    ..........             (no amulet)
HPRegen  0.13/turn              (no ring)
MPRegen  0.08/turn              (no ring)

@: no status effects
A: retaliatory headbutt, horns 2
a: no special abilities


You were on level 3 of the Dungeon.
You were not hungry.

You visited 1 branch of the dungeon, and saw 3 of its levels.

You collected 3 gold pieces.

Inventory:

Hand Weapons
 a - a +0 war axe (weapon)
Armour
 b - a +0 scale mail (worn)
 c - a +0 kite shield (worn)
Potions
 d - a potion of might
Comestibles
 e - 4 rations
 f - 9 chunks of flesh


   Skills:
 + Level 4.2 Fighting
 * Level 3.9 Axes
 + Level 4.2 Armour
 + Level 4.2 Shields


You had 3 spell levels left.
You didn't know any spells.
Your spell library was empty.

Dungeon Overview and Level Annotations

Branches:
Dungeon (3/15)

Altars:

Annotations:
D:3 Grinder


Innate Abilities, Weirdness & Mutations

You reflexively headbutt those who attack you in melee.
You have a pair of horns on your head.


Message History

You are too injured to fight recklessly!
You are too injured to fight recklessly!
Grinder is nearby!
Grinder is nearby!
You are too injured to fight recklessly!
You completely miss Grinder. Your headbutt misses Grinder.
You block Grinder's attack. x2
You hit Grinder.
Grinder is lightly wounded.
Grinder barely misses you. You furiously retaliate!
You headbutt Grinder! You slash Grinder!
Grinder is heavily wounded.
Grinder hits you.
* * * LOW HITPOINT WARNING * * *
You writhe in agony.
* * * LOW HITPOINT WARNING * * *
You barely miss Grinder.
Grinder is heavily wounded.
Grinder hits you.
You die...

.......))...†..#####..#
.......).)........##..#
.#.....))).###.#.....<#
...#.........#
#.###÷...#
.............# #..
##.)...
#...........#####.
##....
#.............###.
#....
###.......5......#
.##....
.........@..........
.....
...................#
.....
......).........?...
.....
.#..................
#...$............##
..................#
#................#
#................
.........########


You could see Grinder.

Vanquished Creatures
  Robin (D:3)
  3 adders (D:3)
  A worm (D:2)
  2 dart slugs
  An orc (D:3)
  A bat (D:3)
  2 giant cockroaches
  9 goblins (D:3)
  6 hobgoblins
  3 jackals (D:3)
  A kobold (D:1)
  A ball python (D:1)
  A frilled lizard (D:1)
  4 rats
36 creatures vanquished.

Notes
Turn   | Place    | Note
-------+----------+-------------------------------------------
     0 | D:1      | Flugslaktarn the Minotaur Fighter began the quest for the
                  | Orb.
     0 | D:1      | Reached XP level 1. HP: 19/19 MP: 0/0
    73 | D:2      | Reached XP level 2. HP: 18/27 MP: 1/1
   186 | D:3      | Reached XP level 3. HP: 33/33 MP: 2/2
   203 | D:3      | Noticed Robin
   213 | D:3      | Killed Robin
   218 | D:3      | Reached XP level 4. HP: 28/40 MP: 3/3
   371 | D:3      | Noticed Grinder
   395 | D:3      | Slain by Grinder

Levels and vault maps discovered:
D:1:      lemuel_arrival_broad_hall, layout_basic
D:2:      minmay_razor_zed, layout_rooms, first_ration, solitary_fountain,
          minmay_misc_feat_pillars, kennysheep_donut, minivault_26,
          uniq_natasha, uniq_jessica
D:3:      kennysheep_goblin_castle, layout_rooms, fedhas_altar_3, uniq_robin,
          uniq_ijyb, uniq_grinder, uniq_crazy_yiuf_cottage

Skill      XL: |  1  2  3 |
---------------+----------+-----
Axes           | 3 |  3.9
Armour         | 4 |  4.2
Fighting       | 4 |  4.2
Shields        | 4 |  4.2

Action                   |  1- 3 |  4- 6 || total
-------------------------+-------+-------++-------
Melee: War axe           |    41 |    22 ||    63
       Headbutt          |     6 |     2 ||     8
Armor: Scale mail        |    22 |     7 ||    29
Dodge: Dodged            |    20 |     4 ||    24
Block: Kite shield       |    34 |     8 ||    42

Table legend:
 A = Non-vault XP
 B = Vault XP
 C = Vault XP percentage of total XP
 D = Non-vault monster count
 E = Vault monster count
 F = Vault count percentage of total count
                 A         B        C        D         E       F
            +---------+---------+-------+---------+---------+-------
      Total |      82 |      37 |  31.1 |      23 |      13 |  36.1
            +---------+---------+-------+---------+---------+-------
        D:1 |       6 |       0 |   0.0 |       4 |       0 |   0.0
        D:2 |      12 |       0 |   0.0 |       4 |       0 |   0.0
        D:3 |      64 |      37 |  36.6 |      15 |      13 |  46.4
            +---------+---------+-------+---------+---------+-------
